 Dungeon Crawl Stone Soup version 0.29.1-4-g47bece8355 (webtiles) character file.

Game seed: 9420859159535617383

46 trench the Gusty (level 3, -3/28 HPs)
             Began as a Draconian Air Elementalist on Dec 1, 2022.
             Slain by Crazy Yiuf
             ... wielding a +2 quarterstaff of chaos
              (10 damage)
             ... on level 2 of the Dungeon.
             The game lasted 00:13:27 (1692 turns).

trench the Gusty (Draconian Air Elementalist)       Turns: 1692, Time: 00:13:28

Health: -3/28      AC:  7    Str: 10    XL:     3   Next: 44%
Magic:  0/6        EV: 11    Int: 17    God:
Gold:   57         SH:  3    Dex: 11    Spells: 5/6 levels left

rFire   . . .      SeeInvis .   d - +0 club
rCold   . . .      Faith    .   b - +0 buckler
rNeg    . . .      Spirit   .   (body armour unavailable)
rPois   .          Reflect  .   (helmet restricted)
rElec   .          Harm     .   (no cloak)
rCorr   .          Rampage  .   o - +1 pair of gloves
Will    .....                   (no boots)
Stlth   ++........              (no amulet)
HPRegen 0.09/turn               (no ring)
MPRegen 0.10/turn               (no ring)

@: very slightly contaminated
A: AC +5, unfitting armour, cold-blooded
a: no special abilities


You were on level 2 of the Dungeon.
You visited 1 branch of the dungeon, and saw 2 of its levels.

You collected 57 gold pieces.

Inventory:

Hand Weapons
 d - a +0 club (weapon)
 i - a +0 sling
Missiles
 c - 4 poisoned darts
 e - 7 stones
Armour
 b - a +0 buckler (worn)
 o - a +1 pair of gloves (worn)
Scrolls
 f - a scroll of summoning {unknown}
 h - a scroll of silence {unknown}
 m - 2 scrolls of vulnerability {unknown}
Potions
 a - a potion of magic
 g - 2 potions of attraction {unknown}
 j - a potion of brilliance {unknown}
 k - a potion of ambrosia {unknown}
 l - a potion of curing {unknown}
 n - a potion of mutation {unknown}


   Skills:
 + Level 1.1 Fighting
 + Level 2.1 Dodging
 + Level 2.2 Stealth
 + Level 2.3 Spellcasting
 + Level 1.4 Conjurations
 + Level 3.3 Air Magic


You had 5 spell levels left.
You knew the following spells:

 Your Spells              Type           Power      Damage    Failure   Level
a - Shock                 Conj/Air       40%        1d5       10%         1

Your spell library contained the following spells:

 Spells                   Type           Power      Damage    Failure   Level
 Static Discharge         Conj/Air       10%        3-5/arc   14%         2
 Swiftness                Air            13%        N/A       21%         3
 Airstrike                Air            6%         2d(1-17)  54%         4


Dungeon Overview and Level Annotations

Branches:
Dungeon (2/15)

Altars:

Shops:
D:1 (

Annotations:
D:2 Crazy Yiuf, Robin


Innate Abilities, Weirdness & Mutations

Your plain brown scales are hard. (AC +5)
You cannot fit into any form of body armour.
You are cold-blooded and may be slowed by cold attacks.


Message History

The zap misses Crazy Yiuf. x2
Crazy Yiuf cries, "Line Hive blue!"
Casting: Shock (safe; 10% risk of failure)
Confirm with . or Enter, or press ? or * to list all spells.
Aiming: Shock (safe; 10% risk of failure)
Press: ? - help, Shift-Dir - straight line The zap hits Crazy Yiuf.
Crazy Yiuf is severely wounded.
Casting: Shock (safe; 10% risk of failure)
Confirm with . or Enter, or press ? or * to list all spells.
Aiming: Shock (safe; 10% risk of failure)
Press: ? - help, Shift-Dir - straight line The zap hits Crazy Yiuf.
Crazy Yiuf is severely wounded.
Crazy Yiuf barely misses you.
Casting: Shock (safe; 10% risk of failure)
Confirm with . or Enter, or press ? or * to list all spells.
Aiming: Shock (safe; 10% risk of failure)
Press: ? - help, Shift-Dir - straight line The zap hits Crazy Yiuf but does no damage.
Crazy Yiuf is severely wounded.
Crazy Yiuf hits you with a +2 quarterstaff of chaos!
Ouch! That really hurt!
Crazy Yiuf draws strength from your wounds!
Casting: Shock (safe; 10% risk of failure)
Confirm with . or Enter, or press ? or * to list all spells.
Aiming: Shock (safe; 10% risk of failure)
Press: ? - help, Shift-Dir - straight line You miscast Shock.
You are very lightly contaminated with residual magic.
Nothing appears to happen.
You block Crazy Yiuf's attack.
You hit Crazy Yiuf but do no damage.
Crazy Yiuf is lightly wounded.
Crazy Yiuf cries, "Hack dark agre!"
Crazy Yiuf hits you with a +2 quarterstaff of chaos!
* * * LOW HITPOINT WARNING * * *
Crazy Yiuf draws strength from your wounds!
Crazy Yiuf attacks as you move away!
Crazy Yiuf hits you with a +2 quarterstaff of chaos!
You die...

...#....##
#...###..# g
##....##.## .
#.........# ##### #
#.#.....#.## #)..# #
#<....#....# #...#
## #.#...#.#..# ...
. .....†#....# #g# #
#.....#.##.# ♣@♣♣ ##
#...#.#.#### ♣♣.♣
#######+#.
#.#...#.## ♣.♣♣
#.........
###.#....# ♣♣.♣
#.........
..#.#.#..# ♣♣.♣♣
#.........
#.#.#.#### ♣♣...♣
#.........
....#....# ♣....♣
#...g.....
#.######.### #....#
#.........
.......#.#<#####..##
#.g.......


You could see Crazy Yiuf.

Vanquished Creatures
  An adder (D:2)
  2 dart slugs (D:1)
  4 bats
  3 endoplasms
  A giant cockroach (D:1)
  5 goblins
  5 hobgoblins
  A ball python (D:2)
  5 frilled lizards (D:1)
  3 kobolds (D:1)
  3 rats (D:1)
33 creatures vanquished.

Notes
Turn   | Place    | Note
-------+----------+-------------------------------------------
     0 | D:1      | trench the Draconian Air Elementalist began the quest for
                  | the Orb.
     0 | D:1      | Reached XP level 1. HP: 14/14 MP: 3/3
   529 | D:1      | Reached XP level 2. HP: 22/22 MP: 5/5
   827 | D:1      | Found Hihadoze's Weapon Emporium.
   963 | D:1      | Found a faded altar of an unknown god.
  1175 | D:2      | Reached XP level 3. HP: 27/27 MP: 1/6
  1227 | D:2      | Reached skill level 1 in Fighting
  1247 | D:2      | Noticed Robin
  1680 | D:2      | Found a runed translucent door.
  1681 | D:2      | Noticed Crazy Yiuf
  1692 | D:2      | Slain by Crazy Yiuf

Illustrated notes

Levels and vault maps discovered:
D:1:      dpeg_arrival_pits, layout_loops_cross, serial_shops,
          nicolae_shop_crystal, serial_aquarium, aquarium_bridge_square
          [aquarium_subvault_wall, aquarium_subvault_wall,
          aquarium_subvault_bridge, aquarium_subvault_wall],
          aquarium_window_corner, aquarium_window_fake, aquarium_view_2c,
          aquarium_view_2g, aquarium_pool_1,
          dreamdust_ecumenical_altar_angels_and_demons
D:2:      layout_basic, serial_glass, glass_columns_c, glass_columns_a,
          uniq_robin, uniq_crazy_yiuf_cottage

Skill      XL: |  1  2  3 |
---------------+----------+-----
Stealth        | 2 |  2.2
Dodging        | 2 |  2.1
Fighting       | 1 |  1.1
Spellcasting   | |  2.3
Conjurations   | |  1.4
Air Magic      | |  3.3

Action                   || total
-------------------------++-------
Melee: Club              ||    10
       Tailslap          ||     1
 Fire: Sling             ||    13
 Cast: Shock             ||    56
Armor: Skin              ||     8
Dodge: Dodged            ||    18
Block: Buckler           ||     3
